 Dungeon Crawl Stone Soup version 0.23.0 (webtiles) character file.

Game seed: 1607901828078030548

416 Lanoc the Ducker (level 6, -4/53 HPs)
             Began as a Gnoll Monk on Feb 15, 2019.
             Was an Initiate of Gozag.
             Killed from afar by an orc wizard (8 damage)
             ... with a magic dart
             ... on level 4 of the Dungeon.
             The game lasted 00:03:55 (2126 turns).

Lanoc the Ducker (Gnoll Monk)                       Turns: 2126, Time: 00:03:56

Health: -4/53      AC:  2    Str: 19    XL:     6   Next: 92%
Magic:  9/9        EV: 17    Int: 19    God:    Gozag
Gold:   187        SH:  0    Dex: 17    Spells: 9/9 levels left

rFire    . . .     SeeInvis .   r - +1 mace (drain)
rCold    . . .     Gourm    .   (no shield)
rNeg     . . .     Faith    .   b - +0 robe
rPois    .         Spirit   .   (no helmet)
rElec    .         Reflect  .   (no cloak)
rCorr    .         Harm     .   (no gloves)
MR       .....                  (no boots)
Stlth    +++.......             (no amulet)
HPRegen  0.17/turn              (no ring)
MPRegen  0.11/turn              (no ring)

@: mighty, brilliant, gold aura, slowed, very slow
A: distributed training, fangs 1, strong nose
a: Potion Petition, Call Merchant, Bribe Branch, Renounce Religion


You were on level 4 of the Dungeon.
You worshipped Gozag.
Gozag was aware of your devotion.
You were very hungry.

You visited 1 branch of the dungeon, and saw 4 of its levels.

You collected 187 gold pieces.

Inventory:

Hand Weapons
 r - a +1 mace of draining (weapon)
Armour
 b - a +0 robe (worn)
Wands
 g - a wand of flame (19)
Scrolls
 e - 4 scrolls of identify {unknown}
 f - 4 scrolls of teleportation {unknown}
 k - a scroll of enchant weapon {unknown}
 m - a scroll of enchant armour {unknown}
 n - a scroll of remove curse {unknown}
 o - a scroll of amnesia {unknown}
 q - a scroll of magic mapping {unknown}
Potions
 h - a potion of curing {unknown}
 i - a potion of agility {unknown}
 j - a potion of haste {unknown}
 l - a potion of degeneration {unknown}
 p - a potion of brilliance
Comestibles
 c - 7 rations


   Skills:
 + Level 6.9 Fighting
 + Level 2.1 Short Blades
 + Level 6.9 Long Blades
 + Level 2.1 Axes
 + Level 2.1 Maces & Flails
 + Level 2.1 Polearms
 + Level 2.1 Staves
 + Level 2.1 Slings
 + Level 2.1 Bows
 + Level 2.1 Crossbows
 + Level 2.1 Throwing
 + Level 2.1 Armour
 + Level 6.9 Dodging
 + Level 4.7 Stealth
 + Level 2.1 Shields
 + Level 2.1 Unarmed Combat
 + Level 2.1 Spellcasting
 + Level 1.7 Conjurations
 + Level 1.7 Hexes
 + Level 1.7 Charms
 + Level 1.7 Summonings
 + Level 1.7 Necromancy
 + Level 1.7 Translocations
 + Level 1.7 Transmutations
 + Level 1.7 Fire Magic
 + Level 1.7 Ice Magic
 + Level 1.7 Air Magic
 + Level 1.7 Earth Magic
 + Level 1.7 Poison Magic
 + Level 2.3 Invocations
 + Level 2.1 Evocations


You had 9 spell levels left.
You didn't know any spells.
Your spell library was empty.

Dungeon Overview and Level Annotations

Branches:
Dungeon (4/15)
 Temple: D:4-7

Altars:
Gozag


Innate Abilities, Weirdness & Mutations

Your experience applies equally to all skills.
You have very sharp teeth.
Your uncanny sense of smell can sniff out nearby items.


Message History

* * * LOW HITPOINT WARNING * * *
The orc barely misses you.
The orc wizard hits you but does no damage.
The orc hits you but does no damage.
You barely miss the orc wizard.
The orc wizard is lightly wounded.
The orc wizard casts a spell.
The orc wizard blinks!
The orc wizard points at you and mumbles some strange words.
The magic dart hits you.
* * * LOW HITPOINT WARNING * * *
The orc completely misses you.
The orc becomes distracted by the nearby gold, dreaming of imaginary riches.
The orc misses you.
It was a potion of brilliance.
You feel clever all of a sudden.
The orc wizard points at you and mumbles some strange words.
The magic dart hits you!
You die...
Your body crumbles into a pile of gold.

#. #. # #. #.#.
##############
####.#.
#.............
.......
###.############
......o###.......#
......oo@ยง.......#
......####.......#
..... ........#
.... %........# ...
......o....# ..
#...........# #
##..........#
#.......?..


You could see an orc wizard and 3 orcs.

Vanquished Creatures
  Sigmund (D:2)
  An ogre (D:2)
  An orc wizard (D:4)
  3 gnolls (D:3)
  4 adders (D:3)
  An ooze (D:3)
  A worm (D:3)
  2 dart slugs (D:3)
  3 leopard geckos
  6 orcs
  A bat (D:2)
  A giant cockroach (D:1)
  4 goblins
  3 hobgoblins
  A quokka (D:2)
  4 ball pythons
  7 frilled lizards
  6 kobolds
  5 rats
55 creatures vanquished.

Vanquished Creatures (others)
  An orc wizard (D:4)
1 creature vanquished.

Grand Total: 56 creatures vanquished

Notes
Turn   | Place    | Note
-------+----------+-------------------------------------------
     0 | D:1      | Lanoc the Gnoll Monk began the quest for the Orb.
     0 | D:1      | Reached XP level 1. HP: 23/23 MP: 1/1
    67 | D:1      | Reached XP level 2. HP: 27/29 MP: 2/2
   394 | D:2      | Noticed an ogre
   703 | D:2      | Noticed Sigmund
   716 | D:2      | Killed Sigmund
   716 | D:2      | Reached skill level 1 in Short Blades
   716 | D:2      | Reached skill level 1 in Axes
   716 | D:2      | Reached skill level 1 in Maces & Flails
   716 | D:2      | Reached skill level 1 in Polearms
   716 | D:2      | Reached skill level 1 in Staves
   716 | D:2      | Reached skill level 1 in Slings
   716 | D:2      | Reached skill level 1 in Bows
   716 | D:2      | Reached skill level 1 in Crossbows
   716 | D:2      | Reached skill level 1 in Throwing
   716 | D:2      | Reached skill level 1 in Armour
   716 | D:2      | Reached skill level 1 in Shields
   716 | D:2      | Reached skill level 1 in Unarmed Combat
   716 | D:2      | Reached skill level 1 in Spellcasting
   716 | D:2      | Reached skill level 1 in Conjurations
   716 | D:2      | Reached skill level 1 in Hexes
   716 | D:2      | Reached skill level 1 in Charms
   716 | D:2      | Reached skill level 1 in Summonings
   716 | D:2      | Reached skill level 1 in Necromancy
   716 | D:2      | Reached skill level 1 in Translocations
   716 | D:2      | Reached skill level 1 in Transmutations
   716 | D:2      | Reached skill level 1 in Fire Magic
   716 | D:2      | Reached skill level 1 in Ice Magic
   716 | D:2      | Reached skill level 1 in Air Magic
   716 | D:2      | Reached skill level 1 in Earth Magic
   716 | D:2      | Reached skill level 1 in Poison Magic
   716 | D:2      | Reached skill level 1 in Invocations
   716 | D:2      | Reached skill level 1 in Evocations
   716 | D:2      | Reached XP level 3. HP: 6/35 MP: 2/5
   716 | D:2      | Reached XP level 4. HP: 8/41 MP: 2/6
   716 | D:2      | Reached XP level 5. HP: 9/47 MP: 2/7
  1044 | D:2      | Killed an ogre
  1044 | D:2      | Reached XP level 6. HP: 53/53 MP: 8/8
  1735 | D:3      | Found a faded altar of an unknown god.
  1743 | D:3      | Became a worshipper of Gozag Ym Sagoz the Greedy
  2126 | D:4      | Killed from afar by an orc wizard

Skill      XL: |  1  2  3  4  5  6 |
---------------+-------------------+-----
Short Blades   | 1 2 |  2.1
Axes           | 1 2 |  2.1
Maces & Flails | 1 2 |  2.1
Polearms       | 1 2 |  2.1
Staves         | 1 2 |  2.1
Slings         | 1 2 |  2.1
Bows           | 1 2 |  2.1
Crossbows      | 1 2 |  2.1
Throwing       | 1 2 |  2.1
Armour         | 1 2 |  2.1
Shields        | 1 2 |  2.1
Unarmed Combat | 1 2 |  2.1
Spellcasting   | 1 2 |  2.1
Conjurations   | 1 |  1.7
Hexes          | 1 |  1.7
Charms         | 1 |  1.7
Summonings     | 1 |  1.7
Necromancy     | 1 |  1.7
Translocations | 1 |  1.7
Transmutations | 1 |  1.7
Fire Magic     | 1 |  1.7
Ice Magic      | 1 |  1.7
Air Magic      | 1 |  1.7
Earth Magic    | 1 |  1.7
Poison Magic   | 1 |  1.7
Invocations    | 1 2 |  2.3
Evocations     | 1 2 |  2.1
Fighting       | |  6.9
Long Blades    | |  6.9
Dodging        | |  6.9
Stealth        | |  4.7

Action                   |  1- 3 |  4- 6 || total
-------------------------+-------+-------++-------
Melee: Falchion          |    53 |   103 ||   156
       Bite              |     6 |    23 ||    29
       Punch             |       |     3 ||     3
       Mace              |       |    28 ||    28
  Use: Potion            |     1 |     2 ||     3
 Stab: Sleeping          |     7 |     4 ||    11
       Distracted        |     1 |     1 ||     2
  Eat: Chunk             |       |     3 ||     3
Armor: Robe              |     3 |    11 ||    14
Dodge: Dodged            |    33 |    93 ||   126
       Rpst.: Falchion   |    10 |    25 ||    35
